Workbook

Sheet Best Practices
A9: Finance Best Practices
A11: PRINCIPLES
A12: * | B12: Girl Scouts is a non-profit organization
A13: * | B13: Girl Scouts should be affordable for all girls
A14: * | B14: Money donated or earned by a troop becomes that troop's property and does not belong to the individual girls,
B15: volunteers, or parents/guardians
A16: * | B16: Funds used should equally benefit all members of the troop, not individuals
A18: GOALS
A19: * | B19: For girls to gain business and financial literacy skills appropriate to their program level
A20: * | B20: For girls to understand that they must do their part to help the troop earn money to accomplish the things they want to do
A21: * | B21: For girls to apply business and financial literacy gained in Girl Scouting throughout their lives
A22: * | B22: For Girl Scout troops to be self-sustaining through participation in the Fall Product and Cookie Program activities
A24: GUIDELINES
A25: 1 | B25: Troop must open a bank account to manage troop finances
A26: 2 | B26: Troop dues, small amount of money girls bring to each meeting or to kick-off the year, may help a new troop accumulate
B27: money in their bank account
A28: 3 | B28: Bank account signers are guardians of money belonging to the troop and responsible for submitting
B29: required financial treasury reports to Council
A30: 4 | B30: Financial reports (including a bank reconciliation) is due to Council by end of July of the current year (annually)
C31: GSSNV Troops/Groups may choose to use the Treasury Report in the Volunteer Toolkit or this excel format version
A32: 5 | B32: Financial reporting is to include the following information:
B33: A | C33: Expense Report with all income and expenses for the period 7/1/PY to 6/30/CY
B34: B | C34: Expense Summary
B35: C | C35: Reconciliation
B36: D | C36: Troop Plan
B37: E | C37: Bank Statement for month ending 6/30/CY
A38: 6 | B38: Receipts over $200.00 should be submitted as support
A39: 7 | B39: Troop/Group update information should also be submitted for the next membership year
A40: 8 | B40: Record Keeping: Troop Leader or designated troop member will retain copies of all reports and original receipts for a
B41: a minimum of two years
A43: RESOURCES
A44: * | B44: Bankers at your local branch
A45: * | B45: Service Unit Treasurer
A46: * | B46: GSSNV Membership Support Team

Sheet Instructions
A9: Instructions for Filling out the GSSNV Annual Treasury Report
A12: STEP 1 | B12: Fill Out Expense Report (A) detailing all expenses and income for the period July 1 20XX - June 30 20XX
B13: Refer to 'Instructions-A Expense Report' for additional guidance
B15: Treasury Report Summary (B) Auto-Populates
A17: STEP 2 | B17: Fill Out C Reconciliation to reconcile your Expense Report (A) with the Bank Statement ending June 30
B18: Refer to 'Instructions-C Reconciliation' for additional guidance
A20: STEP 3 | B20: Fill Out D Troop Plan- detail the plans for the remaining balance in the account as of June 30 and complete Troop update
B21: Refer to 'Instructions-D Troop Plan ' for additional guidance
A23: STEP 4 | B23: Submit this Annual Treasury Report (ATR) File via E-mail to customerservice@girlscoutnv.org
B24: with copies of the bank statement for month ending 6/30/CY and supporting receipts over $200.00 (retain the originals for your records).
A26: NOTE: All cells in light green are calculated and do not need to be filled out

Sheet Instructions-A Expense Report
A7: Instructions for completing the Treasury Report
A9: STEP 1: | B9: FILL OUT EXPENSE REPORT (A)

Sheet A Expense Report
A7: Troop / Service Unit Treasury Report
B9: Bank Institution Name: | F9: Troop Acct Last 4
B11: Statement Mailing Addr:
B13: Bank Account Signer 1:
B14: Bank Account Signer 2:
A17: Service Unit | C17: Troop # | E17: Membership Year | G17: Age Level Current Year | I17: From Date | J17: To Date
H20: Beginning Balance
A21: Date | B21: Item Code | C21: Item Description | D21: Explanation | G21: Check # | H21: Income | I21: Expenses | J21: Balance
C22: =IF($B22="","",VLOOKUP(B22,Ref!$B:$C,2,FALSE)) | J22: =J20+H22-I22 -> 0 | L22: Item Code Key
C23: =IF($B23="","",VLOOKUP(B23,Ref!$B:$C,2,FALSE)) | J23: =J22+H23-I23 -> 0 | L23: Item Code | M23: Item Type | N23: Item Description | O23: Item Explanation
C24: =IF($B24="","",VLOOKUP(B24,Ref!$B:$C,2,FALSE)) | J24: =J23+H24-I24 -> 0 | L24: 10 | M24: Income | N24: Troop Dues | O24: Fees set by troop
C25: =IF($B25="","",VLOOKUP(B25,Ref!$B:$C,2,FALSE)) | J25: =J24+H25-I25 -> 0 | L25: 11 | M25: Income | N25: Fall Product Receipts | O25: Money received from Fall Sale
C26: =IF($B26="","",VLOOKUP(B26,Ref!$B:$C,2,FALSE)) | J26: =J25+H26-I26 -> 0 | L26: 12 | M26: Income | N26: Cookie Program Receipts | O26: Money received from Cookie Sale
C27: =IF($B27="","",VLOOKUP(B27,Ref!$B:$C,2,FALSE)) | J27: =J26+H27-I27 -> 0 | L27: 13 | M27: Income | N27: Fundraising | O27: Money reised by Troop Fundraiser
C28: =IF($B28="","",VLOOKUP(B28,Ref!$B:$C,2,FALSE)) | J28: =J27+H28-I28 -> 0 | L28: 14 | M28: Income | N28: Other Income | O28: Donations, Grants, etc.
C29: =IF($B29="","",VLOOKUP(B29,Ref!$B:$C,2,FALSE)) | J29: =J28+H29-I29 -> 0 | L29: 20 | M29: Expense | N29: Registration | O29: Membership Fees to GSSNV/GSUSA
C30: =IF($B30="","",VLOOKUP(B30,Ref!$B:$C,2,FALSE)) | J30: =J29+H30-I30 -> 0 | L30: 21 | M30: Expense | N30: Donation to Charity | O30: Donations made to charities
C31: =IF($B31="","",VLOOKUP(B31,Ref!$B:$C,2,FALSE)) | J31: =J30+H31-I31 -> 0 | L31: 22 | M31: Expense | N31: Troop Program Expense | O31: Expenses for Troop Activities
C32: =IF($B32="","",VLOOKUP(B32,Ref!$B:$C,2,FALSE)) | J32: =J31+H32-I32 -> 0 | L32: 23 | M32: Expense | N32: Council Program Expense | O32: Expenses for Council Programs
C33: =IF($B33="","",VLOOKUP(B33,Ref!$B:$C,2,FALSE)) | J33: =J32+H33-I33 -> 0 | L33: 24 | M33: Expense | N33: Field Trips | O33: Expenses for Activities outside normal meetings
C34: =IF($B34="","",VLOOKUP(B34,Ref!$B:$C,2,FALSE)) | J34: =J33+H34-I34 -> 0 | L34: 25 | M34: Expense | N34: Badges, Uniforms, Books, etc. | O34: Supply Expenses
C35: =IF($B35="","",VLOOKUP(B35,Ref!$B:$C,2,FALSE)) | J35: =J34+H35-I35 -> 0 | L35: 26 | M35: Expense | N35: Food and Beverage | O35: Food Expenses
... C37: =IF($B37="","",VLOOKUP(B37,Ref!$B:$C,2,FALSE)) | J37: =J36+H37-I37 -> 0 | L37: 28 | M37: Expense | N37: Other Expense | O37: Misc. Expenses that do not fit other categories
C38: =IF($B38="","",VLOOKUP(B38,Ref!$B:$C,2,FALSE)) | J38: =J37+H38-I38 -> 0
C39: =IF($B39="","",VLOOKUP(B39,Ref!$B:$C,2,FALSE)) | J39: =J38+H39-I39 -> 0
C40: =IF($B40="","",VLOOKUP(B40,Ref!$B:$C,2,FALSE)) | J40: =J39+H40-I40 -> 0
C41: =IF($B41="","",VLOOKUP(B41,Ref!$B:$C,2,FALSE)) | J41: =J40+H41-I41 -> 0
C42: =IF($B42="","",VLOOKUP(B42,Ref!$B:$C,2,FALSE)) | J42: =J41+H42-I42 -> 0
C43: =IF($B43="","",VLOOKUP(B43,Ref!$B:$C,2,FALSE)) | J43: =J42+H43-I43 -> 0
C44: =IF($B44="","",VLOOKUP(B44,Ref!$B:$C,2,FALSE)) | J44: =J43+H44-I44 -> 0
C45: =IF($B45="","",VLOOKUP(B45,Ref!$B:$C,2,FALSE)) | J45: =J44+H45-I45 -> 0
C46: =IF($B46="","",VLOOKUP(B46,Ref!$B:$C,2,FALSE)) | J46: =J45+H46-I46 -> 0
C47: =IF($B47="","",VLOOKUP(B47,Ref!$B:$C,2,FALSE)) | J47: =J46+H47-I47 -> 0
C48: =IF($B48="","",VLOOKUP(B48,Ref!$B:$C,2,FALSE)) | J48: =J47+H48-I48 -> 0
C49: =IF($B49="","",VLOOKUP(B49,Ref!$B:$C,2,FALSE)) | J49: =J48+H49-I49 -> 0
... C321: =IF($B321="","",VLOOKUP(B321,Ref!$B:$C,2,FALSE)) | J321: =J320+H321-I321 -> 0
G322: Balance | H322: =SUM(H22:H66) -> 0 | I322: =SUM(I22:I66) -> 0 | J322: =J321 -> 0

Sheet B  Summary-Autofill
A7: NO INPUT NECESSARY - AUTOFILLS
A9: Treasury Report Summary
A12: Troop # | B12: ='A Expense Report'!C18 -> 0
A13: From Date | B13: ='A Expense Report'!$I$18 -> 0 | C13: To Date | D13: ='A Expense Report'!$J$18 -> 0
A15: Beginning Balance | B15: ='A Expense Report'!$J$20 -> 0
A17: INCOME | D17: EXPENSES
A18: Troop Dues | B18: =SUMIFS('A Expense Report'!$H:$H,'A Expense Report'!$C:$C,'B Summary-Autofill'!$A18) -> 0 | D18: Registration | F18: =SUMIFS('A Expense Report'!$I:$I,'A Expense Report'!$C:$C,'B Summary-Autofill'!$D18) -> 0
A19: Fall Product Receipts | B19: =SUMIFS('A Expense Report'!$H:$H,'A Expense Report'!$C:$C,'B Summary-Autofill'!$A19) -> 0 | D19: Donation to Charity | F19: =SUMIFS('A Expense Report'!$I:$I,'A Expense Report'!$C:$C,'B Summary-Autofill'!$D19) -> 0
A20: Cookie Program Receipts | B20: =SUMIFS('A Expense Report'!$H:$H,'A Expense Report'!$C:$C,'B Summary-Autofill'!$A20) -> 0 | D20: Troop Program Expense | F20: =SUMIFS('A Expense Report'!$I:$I,'A Expense Report'!$C:$C,'B Summary-Autofill'!$D20) -> 0
A21: Fundraising | B21: =SUMIFS('A Expense Report'!$H:$H,'A Expense Report'!$C:$C,'B Summary-Autofill'!$A21) -> 0 | D21: Council Program Expense | F21: =SUMIFS('A Expense Report'!$I:$I,'A Expense Report'!$C:$C,'B Summary-Autofill'!$D21) -> 0
A22: Other Income | B22: =SUMIFS('A Expense Report'!$H:$H,'A Expense Report'!$C:$C,'B Summary-Autofill'!$A22) -> 0 | D22: Field Trips | F22: =SUMIFS('A Expense Report'!$I:$I,'A Expense Report'!$C:$C,'B Summary-Autofill'!$D22) -> 0
D23: Badges, Uniforms, Books, etc. | F23: =SUMIFS('A Expense Report'!$I:$I,'A Expense Report'!$C:$C,'B Summary-Autofill'!$D23) -> 0
D24: Food and Beverage | F24: =SUMIFS('A Expense Report'!$I:$I,'A Expense Report'!$C:$C,'B Summary-Autofill'!$D24) -> 0
D25: Product Sales Sweep | F25: =SUMIFS('A Expense Report'!$I:$I,'A Expense Report'!$C:$C,'B Summary-Autofill'!$D25) -> 0
D26: Other Expense | F26: =SUMIFS('A Expense Report'!$I:$I,'A Expense Report'!$C:$C,'B Summary-Autofill'!$D26) -> 0
A28: Total Income | B28: =SUM(B18:B27) -> 0 | D28: Total Expense | F28: =SUM(F18:F26) -> 0
A30: Ending Balance | B30: =B15+B28-F28 -> 0
A31: check | B31: =B30-'A Expense Report'!J322 -> 0

Sheet Instructions-C Reconciliation
A7: Instructions for completing the Troop/SU Treasury Report
A9: STEP 2: | B9: RECONCILE EXPENSE REPORT ENDING BALANCE AND BANK STATEMENT ENDING BALANCE

Sheet C Reconciliation
A8: Reconciliation
A11: Reconciliaton as of Statement Ending | B11: =IF(ISBLANK('A Expense Report'!$J$18),"",'A Expense Report'!$J$18)
A12: Bank Account # | B12: ='A Expense Report'!H9 -> 0
A13: Troop # | B13: ='A Expense Report'!C18 -> 0 | C13: Beginning Bal
C14: ='B Summary-Autofill'!B15 -> 0
B16: Balance as of | C16: Income | D16: Expenses | E16: Balance
B17: =IF(ISBLANK('A Expense Report'!$J$18),"",'A Expense Report'!$J$18) | C17: ='B Summary-Autofill'!B28 -> 0 | D17: ='B Summary-Autofill'!F28 -> 0 | E17: =C14+C17-D17 -> 0
A19: Pending Items Description | B19: Date | C19: Income | D19: Expense
E20: =E17+C20-D20 -> 0
E21: =E20+C21-D21 -> 0
E22: =E21+C22-D22 -> 0
E23: =E22+C23-D23 -> 0
E24: =E23+C24-D24 -> 0
E25: =E24+C25-D25 -> 0
E26: =E25+C26-D26 -> 0
E27: =E26+C27-D27 -> 0
E28: =E27+C28-D28 -> 0
E29: =E28+C29-D29 -> 0
E30: =E29+C30-D30 -> 0
E31: =E30+C31-D31 -> 0
E32: =E31+C32-D32 -> 0
D34: Adjusted Bank Balance | E34: =E32 -> 0
D36: Balance Per Treasury Report | E36: ='A Expense Report'!J322 -> 0
D38: Difference | E38: =E34-E36 -> 0
E39: (Difference should equal $0.00)
E40: {=_xlfn.IFS(E34>E36, "NOTE: Adjusted Balance is GREATER THAN the Treasury Report balance.", E36>E34,"NOTE: Adjusted Balance is LESS THAN the Treasury Report balance.",TRUE,"")}

Sheet Instructions-D Troop Plan
A1: STEP 3: DETAIL THE PLANS FOR THE REMAINING BALANCE IN THE ACCOUNT AS OF JUNE 30 AND COMPLETE TROOP UPDATE
A4: Troop Plan for Remaining Funds
A6: Year Ending Jun 30 | C6: ='A Expense Report'!$E$18 -> 0
A8: Remaning Troop Funds | C8: ='C Reconciliation'!E36 -> 0
A10: Total Planned Expenses
A12: Number of Girls in Troop Now
A14: Number of Returning Girls
A16: What is the status of your troop for the next membership year?
C17: Returning
C18: Merge With Another Troop
C19: Disbanding
C20: Not Sure
A22: Which age level(s) will your Troop consist of next year? Select all that will apply for the membership year beginning October 1st this year.
C23: Daisy
C24: Brownie
C25: Junior
C26: Cadette
C27: Senior
C28: Ambassador
A30: Please let us know how troop activity planning has been girl led and if it has been communicated to caregivers.
A34: Share your Troop experiences from this past year, such as activities, badgework, trips, etc.,
A38: How does the Troop plan on using the balance of funds in the coming membership year? If Troop is holding in
A39: excess of $1000, please provide details and a rough timeline for use of funds. Troops may change these plans at any time.
A43: How many girls would you like to have in your troop? (GSUSA reccommends 12 girls per troop)
A44: If you are not at your desired number of girls may we list your Troop on our website allowing new girls to join until you reach your
A45: desired number? If you are listed on the GSSNV website, you may choose to only display the age levels desired.
A49: Where will your Troop be meeting in the Fall? Please include location name and address.

Sheet D Troop Plan
A3: Troop Plan for Remaining Funds & Troop Update
A5: Year Ending Jun 30 | C5: ='A Expense Report'!$E$18 -> 0
A7: Remaning Troop Funds | C7: ='C Reconciliation'!E36 -> 0
A9: Total Planned Expenses
A11: Current Registered Girls | C11: 8
A13: Girls Returning from Last Year | C13: 8
A15: What is the status of your troop for the next membership year?
C16: Returning
C17: Merge With Another Troop
C18: Disbanding
C19: Not Sure
A21: Which age level(s) will your Troop consist of next year? Select all that will apply for the membership year beginning October 1st this year.
C22: Daisy
C23: Brownie
C24: Junior
C25: Cadette
C26: Senior
C27: Ambassador
A29: Please let us know how troop activity planning has been girl led and if it has been communicated to caregivers.
A33: Share your Troop experiences from this past year, such as activities, badgework, trips, etc.,
A37: How does the Troop plan on using the balance of funds in the coming membership year? If Troop is holding in
A38: excess of $1000, please provide details and a rough timeline for use of funds. Troops may change these plans at any time.
A42: How many girls would you like to have in your troop? (GSUSA reccommends 12 girls per troop)
A43: If you are not at your desired number of girls may we list your Troop on our website allowing new girls to join until you reach your
A44: desired number? If you are listed on the GSSNV website, you may choose to only display the age levels desired.
A48: Where will your Troop be meeting in the Fall? Please include location name and address.
A54: Thank you so much for filling out the GSSNV Annual Treasury Report!

Sheet Ref
A1: Age Level | B1: Item Code | C1: Item Class | D1: PW: Finance2017
A2: Daisy | B2: 10 | C2: Troop Dues
A3: Brownie | B3: 11 | C3: Fall Product Receipts
A4: Junior | B4: 12 | C4: Cookie Program Receipts
A5: Cadette | B5: 13 | C5: Fundraising
A6: Senior | B6: 14 | C6: Other Income
A7: Ambassador | B7: 20 | C7: Registration
A8: Juliette | B8: 21 | C8: Donation to Charity
A9: Multi-Level | B9: 22 | C9: Troop Program Expense
A10: Service Unit | B10: 23 | C10: Council Program Expense
B11: 24 | C11: Field Trips
B12: 25 | C12: Badges, Uniforms, Books, etc.
B13: 26 | C13: Food and Beverage
B14: 27 | C14: Product Sales Sweep
B15: 28 | C15: Other Expense
